AoeStats
← Kaiser Ze

Arabia

509515038Analyzed
1v1 RM · 5d ago on Sep 27, 2026· 34m 15s· 2 players
Game mode
Random Map
Map size
Tiny (2 player)
Population
200
Speed
Normal
Resources
Standard
Victory
Conquest
Starting age
Dark Age
Ending age
Imperial Age
RankedLock teamsTeams togetherTeam positionsShared explorationLock speedFull tech treeHidden civsTurbo modeCheats
Victory
Defeat
🇨🇳 Persians · China
1214
+16
🇦🇷 Hindustanis · Argentina
1210
-16
Aguscjs
6:54 Loom
9:02 Feudal Age
9:43 Man-at-Arms
10:41 Double-Bit Axe
13:25 Town Watch
17:40 Fletching
21:22 Castle Age
20:39 Padded Archer Armor
22:13 Wheelbarrow
22:11 Bloodlines
22:30 Scale Barding Armor
22:43 Bodkin Arrow
23:20 Bow Saw
26:42 Bloodlines
27:41 Husbandry
29:47 Leather Archer Armor
31:07 Ballistics
31:17 Forging
Kaiser Ze
7:06 Loom
9:22 Feudal Age
15:46 Double-Bit Axe
16:58 Fletching
23:28 Castle Age
21:52 Horse Collar
22:04 Gold Mining
23:15 Padded Archer Armor
23:50 Bloodlines
24:12 Husbandry
25:14 Bodkin Arrow
26:17 Wheelbarrow
26:21 Leather Archer Armor
29:12 Thumb Ring
34:17 Parthian Tactics
Connection lost

Rejoining the realm…

Still unreachable

The connection could not be restored.

Session expired

The server has moved on; the page needs a fresh start.